 Dungeon Crawl Stone Soup version 0.31-a0-1395-g7c67ea8c80 (webtiles) character file.

Game seed: 10496789614923823828

1711051 EnegeticOcto the Vampiric Barricade (level 26, 256/256 HPs)
             Began as a Vampire Shapeshifter on Dec 25, 2023.
             Was a Believer of Yredelemnul.
             Escaped with the Orb
             ... and 3 runes!
             The game lasted 02:07:18 (66712 turns).

EnegeticOcto the Vampiric Barricade (VpSh)         Turns: 66712, Time: 02:07:18

Health: 256/256    AC: 33    Str: 17    XL:     26   Next: 67%
Magic:  30/30      EV: 27    Int: 14    God:    Yredelemnul [**....]
Gold:   1532       SH: 37    Dex: 30    Spells: 13/29 levels left

rFire   + +          .
                       - Unarmed
rCold   + . .        a - +8 tower shield "Jeitusics" {^Contam Will+ Str+7}
rNeg    + . .        k - melded +0 animal skin
rPois   ∞            u - +2 helmet
rElec   +            X - +2 cloak of Beahuk {Will+}
rCorr   .            i - melded +0 pair of gloves of Lidustam {rF+}
SInv    +            B - melded +2 pair of boots
Will    ++++.        H - amulet "Hissiuse" {rC+ Regen+ Dex+3}
Stlth   +            Y - ring of protection from fire
HPRegen 1.62/turn    R - ring of protection from fire
MPRegen 0.22/turn

%: no passive effects
@: statue-form, healing quickly, glowing, studying Necromancy, very slow
A: slow and powerful, torment resistance 1, boosted hp, alive, fangs 3, see
invisible, vampiric 2, agile 1, frail 1, weak 1
0: Orb of Zot
}: 3/15 runes: decaying, serpentine, silver
a: Exsanguinate, Begin Untransformation, Renounce Religion, Recall Undead
Harvest, Dark Bargain


You escaped.
You worshipped Yredelemnul.
Yredelemnul was aware of your devotion.
You were a living statue of rough stone.
You visited 11 branches of the dungeon, and saw 51 of its levels.
You visited 1 bazaar.
You also visited: Gauntlet and Desolation.

You collected 8313 gold pieces.
You spent 6781 gold pieces at shops.

Inventory:

Missiles
 p - 2 throwing nets {!f}
 q - 19 curare-tipped darts (quivered)
Armour
 a - the +8 tower shield "Jeitusics" (worn) {^Contam Will+ Str+7}
   (You found it on level 3 of the Elven Halls)

   Str+7:     It affects your strength (+7).
   Will+:     It increases your willpower.
   ^Contam:   It causes magical contamination when unequipped.
 i - the +0 pair of gloves of Lidustam (melded) {rF+}
   (You acquired it on level 11 of the Dungeon)

   rF+:       It protects you from fire.
 k - a +0 animal skin (melded)
 s - a scarf of resistance
   (You found it on level 2 of the Elven Halls)
 u - a +2 helmet (worn)
   (You took it off Robin on level 3 of the Dungeon)
 B - a +2 pair of boots (melded)
   (You found it on level 9 of the Dungeon)
 X - the +2 cloak of Beahuk (worn) {Will+}
   (You found it in a Gauntlet)

   Will+:     It increases your willpower.
Jewellery
 D - the ring "Xasephuhe" {+Blink rPois AC+4}
   (You found it in the Desolation of Salt)

   [ring of protection]

   AC+4:      It affects your AC (+4).
   rPois:     It protects you from poison +Blink: It lets you blink.
 H - the amulet "Hissiuse" (around neck) {rC+ Regen+ Dex+3}
   (You bought it in a shop on level 1 of the Snake Pit)

   [amulet of regeneration]

   Dex+3:     It affects your dexterity (+3).
   rC+:       It protects you from cold.
   Regen+:    It increases your rate of health regeneration.
 R - a ring of protection from fire (right fist)
   (You found it on level 4 of the Lair of Beasts)
 Y - a ring of protection from fire (left fist)
   (You found it on level 4 of the Depths)
Talismans
 j - a granite talisman (active)
   (You took it off Roxanne on level 3 of the Swamp)
Wands
 c - a wand of iceblast (65) {@v2}
   (You found it on level 9 of the Dungeon)
 z - a wand of polymorph (13)
   (You found it on level 2 of the Swamp)
 G - a wand of digging (9) {@v3}
   (You found it on level 3 of the Elven Halls)
 K - a wand of light (51) {@v1}
   (You found it on level 8 of the Dungeon)
 L - a wand of flame (76) {@v4}
   (You found it on level 8 of the Dungeon)
 M - a wand of mindburst (33)
   (You found it on level 10 of the Dungeon)
 W - a wand of paralysis (60)
   (You found it on level 11 of the Dungeon)
Scrolls
 e - 3 scrolls of torment
 r - 14 scrolls of teleportation {@r3 !r}
 t - 14 scrolls of vulnerability
 v - 9 scrolls of immolation
 w - 6 scrolls of blinking {@r4}
 J - 3 scrolls of silence {!r}
 O - 3 scrolls of summoning
 Q - 4 scrolls of enchant armour
 S - a scroll of revelation {@r5 !r}
 U - 8 scrolls of fog {!r}
 V - 9 scrolls of fear {!r}
 Z - 6 scrolls of poison
Potions
 b - 6 potions of lignification {@q6}
 d - 13 potions of heal wounds {@q2 !q}
 f - 11 potions of ambrosia
 g - 4 potions of cancellation
 m - 23 potions of curing {@q1 !q}
 n - 10 potions of haste {@q4 !q}
 o - 3 potions of might {@q3 !q}
 A - 6 potions of magic
 C - 8 potions of invisibility
 E - 8 potions of mutation
 F - 3 potions of resistance
 N - 9 potions of enlightenment
 P - 5 potions of attraction
 T - 2 potions of berserk rage
Miscellaneous
 h - a lightning rod (4/4)
   (You found it in a Gauntlet)
 x - a phial of floods
   (You found it in a Gauntlet)
 y - a box of beasts
   (You bought it in a shop on level 11 of the Dungeon)
 I - a tin of tremorstones (2/2)
   (You found it in a Gauntlet)


   Skills:
 + Level 20.4 Fighting
 - Level 10.0 Short Blades
 - Level 13.2 Dodging
 - Level 8.0 Stealth
 O Level 27 Shields
 + Level 20.6 Unarmed Combat
 - Level 2.0 Spellcasting
 - Level 14.0 Hexes
 - Level 6.0 Air Magic
 - Level 10.0 Invocations
 - Level 10.0 Evocations
 - Level 16.0 Shapeshifting


You had 13 spell levels left.
You knew the following spells:

 Your Spells              Type           Power      Damage    Failure   Level
a - Tukima's Dance        Hex            40%        N/A       1%          3
b - Ozocubu's Armour      Ice            1%         N/A       56%         3
c - Silence               Hex/Air        14%        N/A       11%         5
d - Yara's Violent Unrav  Hex/Alch       10%        3d6       36%         5

Your spell library contained the following spells:

 Spells                   Type           Power      Damage    Failure   Level
 Ensorcelled Hibernation  Hex/Ice        42%        N/A       1%          2
 Jinxbite                 Hex            80%        N/A       1%          2
 Confusing Touch          Hex            40%        N/A       1%          3
 Sigil of Binding         Hex            40%        N/A       1%          3
 Dazzling Flash           Conj/Hex       42%        N/A       4%          3
 Inner Flame              Hex/Fire       21%        N/A       4%          3
 Swiftness                Air            18%        N/A       6%          3
 Shock                    Conj/Air       36%        1d5       7%          1
 Static Discharge         Conj/Air       18%        3-4/arc   11%         2
 Anguish                  Hex/Necr       10%        N/A       13%         4
 Dimensional Bullseye     Hex/Tloc       10%        N/A       13%         4
 Cigotuvi's Dreadful Rot  Necr/Alch/Air  14%        N/A       16%         2
 Airstrike                Air            9%         2d(2-18)  21%         4
 Foxfire                  Conj/Fire      4%         2x1d4     24%         1
 Freeze                   Ice            4%         1d3       24%         1
 Kiss of Death            Conj/Necr      4%         2d5       24%         1
 Magic Dart               Conj           4%         1d3       24%         1
 Necrotise                Necr           4%         1d4       24%         1
 Sandblast                Erth           2%         2d4       24%         1
 Summon Small Mammal      Summ           4%         N/A       24%         1
 Mephitic Cloud           Conj/Alch/Air  7%         N/A       30%         3
 Lesser Beckoning         Tloc           2%         N/A       34%         2
 Momentum Strike          Conj/Tloc      2%         3d8       34%         2
 Passwall                 Alch/Erth      0%         N/A       34%         2
 Scorch                   Fire           2%         2d5       34%         2
 Searing Ray              Conj           2%         2d4       34%         2
 Summon Mana Viper        Hex/Summ       21%        N/A       36%         5
 Enfeeble                 Hex            20%        N/A       54%         7
 Call Canine Familiar     Summ           1%         N/A       56%         3
 Frozen Ramparts          Ice            2%         1d1       56%         3
 Fugue of the Fallen      Necr           1%         N/A       56%         3
 Gell's Gravitas          Tloc           1%         N/A       56%         3
 Hailstorm                Conj/Ice       1%         3d5       56%         3
 Stone Arrow              Conj/Erth      2%         3d7       56%         3
 Teleport Other           Tloc           1%         N/A       56%         3
 Vampiric Draining        Necr           1%         2d6       56%         3
 Volatile Blastmotes      Fire/Tloc      2%         2d10      56%         3
 Summon Lightning Spire   Summ/Air       9%         N/A       56%         4
 Arcjolt                  Conj/Air       4%         1d14      88%         5
 Animate Armour           Summ/Erth      2%         N/A       93%         4
 Brom's Barrelling Bould  Conj/Erth      1%         2d3       93%         4
 Dispel Undead            Necr           1%         3d6       93%         4
 Flame Wave               Conj/Fire      1%         2d4       93%         4
 Fulminant Prism          Conj/Alch      0%         3d5       93%         4
 Ignite Poison            Fire/Alch      1%         N/A       93%         4
 Iskenderun's Mystic Bla  Conj/Tloc      1%         2d3       93%         4
 Manifold Assault         Tloc           1%         N/A       93%         4
 Passage of Golubria      Tloc           1%         N/A       93%         4
 Sticky Flame             Fire/Alch      1%         2d4       93%         4
 Summon Ice Beast         Ice/Summ       1%         N/A       93%         4
 Discord                  Hex            20%        N/A       99%         8
 Agony                    Necr           1%         N/A       100%        5
 Alistair's Intoxication  Alch           0%         N/A       100%        5
 Borgnjor's Vile Clutch   Necr/Erth      0%         N/A       100%        5
 Lee's Rapid Deconstruct  Erth           0%         3d4*      100%        5
 Summon Forest            Summ/Tloc      0%         N/A       100%        5
 Dispersal                Tloc           0%         N/A       100%        6
 Eringya's Noxious Bog    Alch           0%         4d6       100%        6
 Plasma Beam              Fire/Air       4%         2x1d14    100%        6
 Starburst                Conj/Fire      0%         6d3       100%        6
 Summon Cactus Giant      Summ           0%         N/A       100%        6
 Haunt                    Necr/Summ      0%         N/A       100%        7
 Malign Gateway           Summ/Tloc      0%         N/A       100%        7
 Orb of Destruction       Conj           0%         9d5       100%        7
 Ozocubu's Refrigeration  Ice            0%         4d7       100%        7
 Spellforged Servitor     Conj/Summ      0%         N/A       100%        7
 Summon Hydra             Summ           0%         N/A       100%        7
 Disjunction              Tloc           0%         N/A       100%        8
 Ignition                 Fire           0%         3d3       100%        8
 Infestation              Necr           0%         N/A       100%        8
 Lehudib's Crystal Spear  Conj/Erth      0%         10d2      100%        8
 Maxwell's Capacitive Co  Air            9%         ∞         100%        8
 Summon Horrible Things   Summ           0%         N/A       100%        8
 Polar Vortex             Ice            0%         N/A       100%        9
 Death Channel            Necr           Unusable   N/A       N/A         6
 Simulacrum               Ice/Necr       Unusable   N/A       N/A         6
 Borgnjor's Revivificati  Necr           Unusable   N/A       N/A         8

Dungeon Overview and Level Annotations

Branches:
Dungeon (15/15)            Temple (1/1) D:6            Lair (5/5) D:9
  Swamp (4/4) Lair:2        Snake (4/4) Lair:2        Slime (0/5) Lair:4
    Orc (2/2) D:10            Elf (3/3) Orc:2        Vaults (5/5) D:14
  Crypt (3/3) Vaults:3       Tomb (0/3) Crypt:3      Depths (4/4) D:15
    Zot (5/5) Depths:4    Desolation (visited)      Gauntlet (visited)

Altars:
Ashenzari
Cheibriados
Dithmenos
Fedhas
Gozag
Hepliaklqana
Kikubaaqudgha
Makhleb
Nemelex Xobeh
Okawaru
Qazlal
Ru
Sif Muna
Trog
Uskayaw
Vehumet
Wu Jian
Xom
Yredelemnul

Shops:
D:4 [   D:9 (   D:10 [=   D:11 [*   D:13 [=**   D:14 ?   Orc:2 ?(!?
Snake:1 =::   Snake:2 !:   Depths:3 :[*[

Portals:
Hell: Lair:5 Depths:1 Depths:2 Depths:3 Depths:4
Abyss: Crypt:3 Depths:3
Pandemonium: Depths:2
Ziggurat: Depths:3

Annotations:
D:14 exclusion: statue
Swamp:2 2 transporters, exclusion: obsidian statue
Elf:1 2 transporters
Elf:2 3 runed translucent doors
Zot:2 6 transporters


Innate Abilities, Weirdness & Mutations

You are a living statue of rough stone.
Your actions are slow, but your melee attacks are powerful.
You are resistant to unholy torment.
Your maximum health is greatly increased.
Your equipment is partially melded.
Your natural rate of healing is accelerated.
You have razor-sharp teeth.
You have supernaturally acute eyesight. (SInv)
You are afflicted with vampirism and can become a bat while bloodless.
You are agile. (Dex +4, Str/Int -1)
You are frail. (-10% HP)
You are weak. (Str -2)


Message History

The ancient lich moves out of view.
Moni moves out of view.
You see here a +0 spear of pain.
The cacodemon hits your spellforged servitor!
The cacodemon hits your spellforged servitor.
You block the soul eater's attack.
Moni gestures.
Frederick hits Moni with a +3 eveningstar of protection.
The cacodemon hits your spellforged servitor.
The cacodemon hits your spellforged servitor!
You block the soul eater's attack.
The ancient lich gestures wildly while chanting.
The ancient lich seems to speed up.
Press: ? - help, v - describe, . - travel
Here: Moni (lightly wounded, haloed)
The floor.
Unknown command.
Blink to where?
Press: ? - help, Dir - move target
As you read the scroll of blinking {@r4}, it crumbles to dust.
Blink to where?
Press: ? - help, Dir - move target
As you read the scroll of blinking {@r4}, it crumbles to dust.
Magic restored.
You climb upwards.
You can no longer trade souls for undead servants.
There is a stone staircase leading down here.
You begin recalling your allies.
Frederick is recalled.
You finish recalling your allies.
You can now trade souls for undead servants.
(D) Dungeon (T) Temple (L) Lair (S) Swamp (P) Snake Pit (M) Slime Pits (O) Orcish Mines (E) Elven Halls (V) Vaults (C) Crypt (W) Tomb (U) Depths (H) Hell (Z) Zot
Where to? (Tab/Enter - D:1 @ (x,y), ? - help)
A rakshasa comes into view. It is wielding a +0 trident.
You hit the rakshasa but do no damage. Your bite misses the rakshasa.
You punch the rakshasa!
The rakshasa is lightly wounded.
The rakshasa gestures at you. You block the lance of force.
Frederick completely misses the rakshasa.
You hit the rakshasa but do no damage.
The rakshasa is lightly wounded.
The rakshasa misses you.
Frederick hits the rakshasa with a +3 eveningstar of protection!!
You pummel the rakshasa!!
You kill the rakshasa!
A black mist starts to gather...
No target in view!
(D) Dungeon (T) Temple (L) Lair (S) Swamp (P) Snake Pit (M) Slime Pits (O) Orcish Mines (E) Elven Halls (V) Vaults (C) Crypt (W) Tomb (U) Depths (H) Hell (Z) Zot
Where to? (Tab/Enter - D:1 @ (x,y), ? - help)
You swap places.
Things that are here:
a +0 club; a +0 sling
There is an open door here.
An orange demon comes into view.
The orange demon moves out of view.
You block the orange demon's attack. You block the orange demon's attack. x2
Frederick casts a spell.
Frederick summons a servant imbued with its destructive magic!
You block the orange demon's attack. x2
You pummel the orange demon!!
The orange demon is heavily wounded.
The orange demon completely misses you. You block the orange demon's attack.
You pummel the orange demon like a punching bag!!!
You kill the orange demon!
(D) Dungeon (T) Temple (L) Lair (S) Swamp (P) Snake Pit (M) Slime Pits (O) Orcish Mines (E) Elven Halls (V) Vaults (C) Crypt (W) Tomb (U) Depths (H) Hell (Z) Zot
Where to? (Tab/Enter - D:1 @ (x,y), ? - help)
There is a stone staircase leading up here.
You climb upwards.
Your mindless puppet stays behind to rot.
Your spellforged servitor disappears in a puff of smoke!
There is a stone staircase leading down here.
You swap places.
There is a stone staircase leading up here.
You climb upwards.
There is a stone staircase leading down here.
You swap places.
A glowing orange brain comes into view.
You pummel the glowing orange brain like a punching bag!!!
You bite the glowing orange brain.
The glowing orange brain is almost dead.
Frederick hits the glowing orange brain with a +3 eveningstar of protection!!!
The glowing orange brain dies!
No target in view!
(D) Dungeon (T) Temple (L) Lair (S) Swamp (P) Snake Pit (M) Slime Pits (O) Orcish Mines (E) Elven Halls (V) Vaults (C) Crypt (W) Tomb (U) Depths (H) Hell (Z) Zot
Where to? (Tab/Enter - D:1 @ (x,y), ? - help)
There is a staircase leading out of the dungeon here.
You have escaped!

.......'..#....####....[.....#.#'
.#.....#.###'#....#..............
.......### #.#....'...##.##......
.####÷## #.#....##.....##......
......# #.#....##.#..###......
####################..>..##......
.####...##...##..###.######......
#.##.##.##.##....#...# #......
##...###..#.###Z8#.#.# #......
..#### #..###....#...# #......
##### ##.#Z#.##..#.#.# #######
.##.###.##..######.#.#
####...###### #.### # ##### ###


You could see the friendly Frederick the bound demigod.

Vanquished Creatures
  8 dread liches
  6 orbs of fire (Zot:5)
  6 ancient liches
  A juggernaut (Depths:2)
  Sojobo (Vaults:2)
  Vashnia (Snake:4)
  the Lernaean hydra (Swamp:4)
  A Killer Klown (Zot:5)
  The ghost of Lapib the Spry, a veteran MfIE of the Shining One (Depths:3)
  9 caustic shrikes (Depths:4)
  6 golden dragons
  A bone dragon (Crypt:3)
  Jory (Vaults:5)
  A profane servitor (Crypt:3)
  A doom hound (Zot:4)
  15 tentacled monstrosities
  Jorgrun (Swamp:3)
  2 deep elf master archers (Elf:3)
  4 quicksilver dragons
  16 Orb Guardians
  4 liches
  A deep elf blademaster (Elf:3)
  The ghost of Bokhlyrgh the Grappler, an adept TrFi of Gozag (Swamp:2)
  2 titans
  A walking earthen tome (Depths:3)
  2 sphinxes (Vaults:5)
  A searing wretch (Vaults:4)
  7 ancient champions (Crypt:3)
  2 death cobs
  A walking frostbound tome (Depths:3)
  4 shadow dragons
  6 tengu reavers
  Kirke (D:14)
  Roxanne (Swamp:3)
  9 storm dragons
  6 draconian monks
  3 revenants
  The ghost of jotaen the Peltast, a journeyman MiFi of Okawaru (Orc:1)
  9 fire giants
  A nagaraja (Snake:4)
  5 draconian knights
  3 draconian shifters
  3 deep elf elementalists
  3 iron dragons
  4 deep elf sorcerers
  14 frost giants
  2 imperial myrmidons (Desolation)
  11 vault wardens
  2 orc warlords (Vaults:2)
  A ghost moth (Zot:1)
  A caustic shrike zombie (Crypt:2)
  2 draconian scorchers (Zot:3)
  2 draconian stormcallers (Zot:5)
  2 curse skulls
  3 draconian annihilators
  5 ghouls
  2 spriggan defenders
  11 ironbound preservers
  A caustic shrike skeleton (Depths:3)
  2 formless jellyfish
  15 very ugly things
  A juggernaut skeleton (Depths:3)
  3 ironbound thunderhulks
  11 stone giants
  6 deep elf demonologists
  5 vampire knights
  8 deep elf death magi
  4 black draconians
  A green draconian (Zot:1)
  3 bunyips
  6 dire elephants
  3 eleionomae (Swamp:2)
  Azrael (D:12)
  3 halazid warlocks (Desolation)
  9 white draconians
  2 purple draconians
  4 red draconians
  7 deep elf annihilators
  7 eidola
  4 spark wasps
  8 yellow draconians
  2 crystal guardians
  A blizzard demon (Depths:2)
  2 mummy priests (Crypt:3)
  A minotaur (Gauntlet)
  A green death (Depths:2)
  6 ettins
  4 fire dragons
  17 jiangshi
  6 great orbs of eyes
  A spriggan zombie (Crypt:3)
  An entropy weaver (Vaults:3)
  4 ragged hierophants (Desolation)
  8 ice dragons
  19 vault guards
  5 deep elf high priests (Elf:3)
  A shambling mangrove (Swamp:1)
  7 servants of whispers (Desolation)
  9 yaktaur captains
  7 rakshasas
  A spriggan skeleton (Crypt:3)
  2 salamander tyrants (Snake:4)
  3 spriggan air magi
  A hell beast (Lair:5)
  7 peacekeepers (Desolation)
  16 hydras
  A catoblepas (Lair:3)
  8 centaur warriors
  7 ironbound frosthearts
  2 ogre magi
  7 anacondas
  A death knight (D:14)
  9 naga warriors
  4 boulder beetles
  10 dancing weapons
  6 alligators
  4 death yaks (Lair:5)
  5 two-headed ogres
  A sphinx skeleton (Crypt:3)
  The ghost of TheWayOfAllFlesh the Cruncher, a novice DsGl of Yredelemnul (D:7)
  8 deep troll earth magi
  7 shock serpents
  7 deep troll shamans
  An occultist (Depths:1)
  8 vampire magi
  8 tengu warriors
  A soul eater (Depths:1)
  4 orc high priests
  2 spriggan berserkers
  A sun demon (Depths:1)
  13 naga sharpshooters
  Urug (D:10)
  7 hell knights
  12 deep elf knights
  Nergalle (Lair:3)
  4 shadow wraiths
  A titan skeleton (Crypt:1)
  6 iron trolls
  2 salamander mystics (Snake:4)
  A sixfirhy (Depths:1)
  2 death drakes (Swamp:2)
  13 skeletal warriors
  A skyshark (Lair:5)
  2 cherubim (Elf:1)
  A goliath frog (Swamp:4)
  4 spriggan druids
  37 deep trolls
  3 spriggan riders
  4 flayed ghosts
  6 naga ritualists
  4 swamp dragons
  10 bog bodies
  A sea snake (Snake:4)
  4 glowing orange brains
  7 deep elf archers
  11 orc knights
  16 lindwurms
  A lindwurm (shapeshifter) (Vaults:5)
  3 spriggan simulacra
  3 arcanists (Vaults:3)
  An anaconda skeleton (Crypt:2)
  A bunyip skeleton (Crypt:3)
  A steelbarb worm (shapeshifter) (Elf:3)
  2 harpies (Vaults:2)
  13 ironbound convokers
  The ghost of kal9871 the Chiller, a novice HOIE of Cheibriados (D:6)
  A harpy (shapeshifter) (D:15)
  21 deep elf pyromancers
  8 phantasmal warriors
  An obsidian statue (Gauntlet)
  15 deep elf zephyrmancers
  An eleionoma zombie (Crypt:3)
  A shadow dragon skeleton (Crypt:3)
  4 mana vipers
  6 necromancers
  4 orc sorcerers (Orc:2)
  An iron dragon zombie (Crypt:2)
  22 ugly things
  2 stone giant zombies
  4 cyclopes
  2 manticores
  11 moths of wrath
  A stone giant skeleton (Crypt:1)
  3 salamanders
  2 rust devils
  6 kobold blastminers
  4 elephants (Lair:3)
  11 naga magi
  Joseph (D:7)
  24 black mambas
  A fire giant skeleton (Crypt:1)
  9 guardian serpents
  A guardian serpent (shapeshifter) (Depths:3)
  6 vault sentinels
  A smoke demon (Depths:1)
  An orange demon (D:3)
  3 spectral orcs (Orc:2)
  A gargoyle (D:12)
  7 cane toads
  2 unseen horrors
  24 yaktaurs
  An efreet (D:15)
  A sea snake zombie (Crypt:3)
  2 hellions (Crypt:3)
  A golden dragon simulacrum (Depths:3)
  2 kobold demonologists
  3 rime drakes
  9 freezing wraiths
  A hydra zombie (D:15)
  9 trolls
  A tengu conjurer (Depths:1)
  5 komodo dragons
  11 guardian mummies (Crypt:3)
  A spectral tengu (D:15)
  2 hellwings
  A harpy zombie (Crypt:1)
  A troll (shapeshifter) (D:15)
  A wolf spider simulacrum (D:15)
  7 hornets
  4 tyrant leeches
  3 blink frogs
  A meliai zombie (Crypt:2)
  47 saltlings (Desolation)
  A harpy skeleton (Crypt:3)
  A dream sheep (Lair:5)
  A dream sheep (shapeshifter) (D:13)
  A raiju (Gauntlet)
  21 slime creatures
  A glass eye (Depths:3)
  A ynoxinul (Depths:2)
  A centaur simulacrum (D:14)
  9 spriggans
  An air elemental (Elf:3)
  10 wraiths
  An ushabti (Crypt:3)
  5 water elementals
  7 wyverns
  3 hogs (D:14)
  An ettin skeleton (Crypt:3)
  36 yaks
  5 fire elementals
  2 basilisks (Lair:5)
  5 wargs
  A redback (Vaults:3)
  A steam dragon (D:5)
  8 vampire mosquitoes
  A redback (shapeshifter) (Elf:3)
  31 nagas
  12 swamp worms
  A two-headed ogre zombie (D:15)
  A faun skeleton (Crypt:2)
  A cane toad zombie (Crypt:2)
  7 hell hounds
  An acid dragon (D:10)
  15 water moccasins
  A naga skeleton (Crypt:2)
  A glowing shapeshifter skeleton (Crypt:3)
  4 swamp drakes
  An ice beast (D:7)
  2 sky beasts (D:7)
  28 orc warriors
  A naga zombie (Snake:4)
  A black bear (D:7)
  A manticore zombie (Crypt:1)
  A swamp dragon zombie (Crypt:1)
  7 ogres
  A boggart (Vaults:3)
  12 centaurs
  9 wolves
  6 bullfrogs
  2 kobold brigands
  2 necrophages
  6 earth elementals
  2 scorpions
  13 wights
  A troll zombie (Crypt:2)
  A water moccasin skeleton (Crypt:1)
  A killer bee (D:7)
  5 howler monkeys
  4 bombardier beetles
  A centaur zombie (D:15)
  5 iron imps (Crypt:3)
  4 hounds
  19 orc priests
  A gnoll bouda (D:5)
  5 jellies
  2 sleepcaps (D:7)
  An iguana (D:6)
  A hell rat (Lair:5)
  15 orc wizards
  A lightning spire (Gauntlet)
  A tengu skeleton (Crypt:2)
  7 mummies (Crypt:3)
  Robin (D:3)
  15 gnolls
  8 adders
  A shadow imp (D:7)
  An ufetubus (D:7)
  An iguana zombie (Crypt:2)
  A lava snake skeleton (Crypt:1)
  3 worms
  A dart slug (D:3)
  60 orcs
  5 ball pythons
  9 endoplasms
  3 giant cockroaches
  11 goblins
  6 hobgoblins
  12 jackals
  2 quokkas
  3 training dummies
  3 bats
  3 frilled lizards (D:1)
  A frilled lizard skeleton (Crypt:1)
  A giant cockroach zombie (Crypt:1)
  A goblin zombie (Crypt:3)
  A hobgoblin zombie (Crypt:2)
  25 kobolds
  3 orc zombies (D:15)
  2 rats
1659 creatures vanquished.

Vanquished Creatures (collateral kills)
  Mara (Vaults:5)
  A Killer Klown (Zot:4)
  Margery (Vaults:4)
  4 golden dragons
  2 electric golems (Zot:5)
  A doom hound (Zot:4)
  8 tentacled monstrosities
  14 Orb Guardians
  2 titans (Vaults:5)
  2 quicksilver dragons
  Grunn (Zot:4)
  A sphinx (Depths:1)
  A death cob (Zot:3)
  2 tengu reavers
  A thorn hunter (Swamp:1)
  3 shadow dragons
  4 nagarajas (Snake:4)
  5 storm dragons
  A fenstrider witch (Swamp:1)
  4 fire giants
  3 draconian shifters
  3 deep elf sorcerers (Elf:3)
  2 frost giants
  6 vault wardens
  A ghost moth (Zot:3)
  4 draconian scorchers
  4 ironbound preservers
  5 stone giants
  4 very ugly things
  A draconian annihilator (Zot:3)
  An eleionoma (Swamp:2)
  A vampire knight (Depths:3)
  A green draconian (Zot:3)
  2 ironbound thunderhulks (Vaults:3)
  A dire elephant (Vaults:1)
  4 red draconians
  2 black draconians
  6 purple draconians
  A war gargoyle (Vaults:4)
  2 yellow draconians (Zot:4)
  3 white draconians
  4 spark wasps
  4 ettins
  A blizzard demon (Depths:1)
  2 fire dragons (Depths:3)
  An entropy weaver (Vaults:3)
  A jiangshi (Depths:1)
  A rakshasa (Depths:2)
  A deep elf high priest (Vaults:4)
  3 great orbs of eyes
  8 hydras
  3 peacekeepers
  3 servants of whispers (Desolation)
  3 yaktaur captains
  14 vault guards (Vaults:5)
  The ghost of kuniqs the Cleaver, a journeyman HuCK of Xom (D:12)
  2 ghost crabs
  A salamander tyrant (Snake:4)
  3 ogre magi (Vaults:5)
  4 ice dragons
  2 spriggan air magi
  6 anacondas
  2 alligators
  3 ironbound frosthearts
  A two-headed ogre (D:13)
  A boulder beetle (D:14)
  2 death yaks (Lair:5)
  2 centaur warriors
  3 spriggan berserkers
  4 deep troll shamans
  2 deep troll earth magi
  2 vampire magi
  2 hell knights
  6 naga warriors
  3 shock serpents
  10 naga sharpshooters
  A deep elf knight (Elf:3)
  An occultist (Lair:5)
  3 iron trolls
  A soul eater (Depths:1)
  2 salamander mystics (Snake:4)
  An ogre zombie (Vaults:3)
  2 goliath frogs
  12 deep trolls
  A cherub (Depths:3)
  3 spriggan druids
  7 bog bodies
  2 sea snakes (Snake:4)
  2 naga ritualists
  An obsidian statue (Depths:1)
  2 lindwurms (Vaults:3)
  A sun moth (shapeshifter) (Depths:2)
  A glowing orange brain (D:1)
  5 swamp dragons (Swamp:4)
  2 spriggan riders
  A necromancer (Depths:4)
  3 deep elf archers (Elf:3)
  An ironbound convoker (Desolation)
  2 orc knights
  A harpy (Vaults:2)
  A steelbarb worm (shapeshifter) (Depths:1)
  5 deep elf zephyrmancers
  3 ugly things
  A will-o-the-wisp (Swamp:4)
  4 mana vipers
  A manticore (D:14)
  A salamander (Snake:3)
  An elephant (Lair:3)
  6 moths of wrath
  2 guardian serpents
  10 naga magi
  16 black mambas
  2 smoke demons
  8 cane toads
  A hellion (Depths:1)
  6 vault sentinels
  2 rime drakes (Lair:5)
  4 komodo dragons
  4 orange demons
  A tormentor (Depths:1)
  A freezing wraith (Vaults:5)
  2 yaktaurs
  An ice devil (Lair:5)
  3 red devils (Lair:5)
  A troll (Vaults:5)
  A polar bear (Lair:3)
  3 tyrant leeches
  10 saltlings (Desolation)
  3 hornets
  A glass eye (Depths:3)
  5 blink frogs
  A culicivora (Vaults:3)
  8 slime creatures
  2 spriggans
  3 ynoxinuls (Depths:1)
  A water elemental (Depths:2)
  A vampire (D:11)
  2 wyverns
  25 yaks
  A warg (shapeshifter) (Vaults:5)
  A slime creature zombie (Vaults:3)
  2 basilisks
  A warg (D:12)
  A vampire mosquito (D:14)
  7 swamp worms
  29 nagas
  An acid dragon (D:13)
  8 water moccasins
  7 hell hounds
  5 swamp drakes (Swamp:4)
  4 orc warriors
  An ice beast (D:7)
  An ogre (Orc:1)
  10 wolves
  A centaur (D:10)
  2 kobold brigands
  A bullfrog (Lair:4)
  A wight (D:9)
  A spectral naga (Snake:4)
  A howler monkey (D:7)
  2 electric eels
  An iron imp (Crypt:3)
  An orc priest (Orc:1)
  An orc wizard (D:14)
  An orc zombie (Vaults:5)
  26 orcs
  3 training dummies
559 creatures vanquished.

Vanquished Creatures (others)
  A storm dragon (Zot:3)
  A draconian scorcher (Zot:2)
  5 spectral tentacled monstrosities
  A cacodemon (Depths:1)
  3 caustic shrike zombies (Depths:4)
  A draconian stormcaller (Zot:1)
  A Killer Klown zombie (Zot:5)
  A black draconian (Zot:1)
  A bunyip (Swamp:1)
  5 very ugly thing zombies
  A deep elf high priest (Elf:3)
  2 quicksilver dragon zombies
  A peacekeeper (Desolation)
  7 Orb Guardian zombies (Zot:5)
  A sphinx zombie (Vaults:5)
  A naga warrior (Snake:4)
  2 deep elf knights
  5 storm dragon zombies
  3 spectral anacondas
  A spark wasp zombie (Depths:2)
  3 anaconda zombies
  A ghost moth zombie (Zot:1)
  4 golden dragon zombies
  A spectral cacodemon (Depths:1)
  A spectral hydra (Lair:5)
  An ironbound convoker (Vaults:5)
  6 ugly thing zombies
  An alligator zombie (Swamp:4)
  8 tengu zombies
  A goliath frog zombie (Swamp:4)
  5 stone giant zombies
  A shadow dragon zombie (Vaults:5)
  5 frost giant zombies
  2 spectral blizzard demons
  5 draconian zombies
  3 spectral ugly things (D:14)
  5 fire giant zombies
  A spectral shock serpent (Snake:4)
  3 dire elephant zombies (Vaults:4)
  A formless jellyfish zombie (Vaults:1)
  A spectral spriggan (Swamp:1)
  3 spectral rakshasas
  A dwarf zombie (Swamp:3)
  2 spectral efreet
  A spectral sun demon (Depths:1)
  An orange demon (Depths:1)
  2 spectral soul eaters (Depths:1)
  9 dancing weapons
  A redback zombie (Vaults:3)
  2 white draconian zombies
  A red draconian zombie (Depths:4)
  An iron troll zombie (Depths:4)
  2 swamp worm zombies (Swamp:4)
  A yellow draconian zombie (Depths:4)
  3 death yak zombies (Lair:5)
  A spectral two-headed ogre (D:15)
  A black draconian zombie (Depths:4)
  20 yaktaur zombies
  2 sea snake zombies (Snake:4)
  A purple draconian zombie (Zot:1)
  3 great orb of eyes zombies
  A mana viper zombie (Snake:4)
  3 bloated husks
  9 spectral orcs
  6 hydra zombies
  4 ettin zombies
  5 guardian serpent zombies
  6 ice dragon zombies
  5 moth of wrath zombies
  A spectral guardian serpent (Snake:4)
  A spectral lindwurm (Lair:5)
  A culicivora zombie (Vaults:3)
  49 human zombies
  8 spectral black mambas
  5 fire dragon zombies
  A spriggan (Swamp:4)
  8 black mamba zombies
  A water elemental (Elf:2)
  8 slime creature zombies
  A spectral orange demon (Depths:1)
  11 spriggan zombies
  A spectral ice devil (Lair:5)
  2 spectral kobolds
  2 spectral salamanders (Snake:4)
  A human (D:14)
  27 deep troll zombies
  A tyrant leech zombie (Swamp:4)
  2 spectral hellions
  2 salamander zombies (Snake:4)
  A spectral red devil (Lair:5)
  A spectral smoke demon (Depths:1)
  3 cane toad zombies
  A spectral troll (Orc:1)
  2 spectral yaks (Lair:4)
  A spectral blink frog (Lair:3)
  A ghost crab zombie (Swamp:4)
  39 elf zombies
  4 swamp dragon zombies (Swamp:4)
  5 hornet zombies
  2 blink frog zombies (Lair:5)
  6 lindwurm zombies
  A hog zombie (D:14)
  A spectral basilisk (Lair:5)
  3 rime drake zombies
  26 naga zombies
  2 spectral ynoxinuls (Depths:1)
  2 komodo dragon zombies
  A spectral hell hound (D:12)
  A hell hound zombie (Lair:5)
  A warg zombie (Orc:1)
  2 spectral water moccasins
  A wyvern zombie (D:10)
  3 water moccasin zombies
  2 spectral ogres
  6 yak zombies
  13 spectral nagas
  2 troll zombies
  A polar bear zombie (Lair:3)
  2 spectral wolves (Lair:3)
  7 wolf zombies
  A spectral bullfrog (Lair:2)
  8 centaur zombies
  4 spectral centaurs
  An iron imp (Crypt:3)
  2 orc priests (Orc:2)
  A basilisk zombie (Lair:5)
  A statue (D:14)
  4 ogre zombies
  An acid dragon zombie (D:10)
  A hound zombie (D:7)
  3 howler monkey zombies (D:7)
  A hell rat zombie (Lair:5)
  2 swamp drake zombies (Swamp:4)
  2 spectral iron imps (Crypt:3)
  A spectral shadow imp (D:7)
  A gnoll zombie (D:7)
  A kobold zombie (D:6)
  21 orc zombies
  A foxfire (Swamp:4)
533 creatures vanquished.

Grand Total: 2751 creatures vanquished

Notes
Turn   | Place    | Note
-------+----------+-------------------------------------------
     0 | D:1      | EnegeticOcto the Vampire Shapeshifter began the quest for
                  | the Orb.
     0 | D:1      | Reached XP level 1. HP: 14/14 MP: 1/1
   104 | D:1      | Reached skill level 1 in Stealth
   156 | D:1      | Reached skill level 2 in Stealth
   235 | D:1      | Reached XP level 2. HP: 19/20 MP: 2/2
   265 | D:1      | Reached skill level 3 in Stealth
   284 | D:1      | Reached skill level 1 in Fighting
   470 | D:1      | Found a faded altar of an unknown god.
   632 | D:2      | Reached skill level 4 in Unarmed Combat
   636 | D:2      | Gained mutation: You are afflicted with vampirism and can
                  | become a bat while bloodless. [Vampire growth]
   636 | D:2      | Reached XP level 3. HP: 24/26 MP: 3/3
  1161 | D:2      | Reached XP level 4. HP: 32/32 MP: 4/4
  1494 | D:3      | Found a shimmering blue altar of Sif Muna.
  1651 | D:3      | Reached skill level 5 in Unarmed Combat
  1651 | D:3      | Reached skill level 4 in Shapeshifting
  1662 | D:3      | Reached XP level 5. HP: 36/37 MP: 5/5
  1855 | D:3      | Noticed Robin
  1877 | D:3      | Killed Robin
  1952 | D:3      | Reached skill level 2 in Fighting
  2595 | D:4      | You fall into a shaft and drop 3 floors!
  2622 | D:7      | Noticed an ice beast
  2694 | D:7      | Reached skill level 3 in Fighting
  2711 | D:6      | Reached XP level 6. HP: 15/47 MP: 6/6
  2863 | D:5      | Entered Level 5 of the Dungeon
  2904 | D:5      | Reached skill level 4 in Fighting
  2995 | D:5      | Reached skill level 5 in Stealth
  3184 | D:5      | Noticed an orc warrior
  3238 | D:5      | Reached XP level 7. HP: 54/54 MP: 7/7
  3300 | D:5      | Reached skill level 5 in Shapeshifting
  3496 | D:5      | Noticed a steam dragon
  3840 | D:5      | Reached skill level 6 in Shapeshifting
  4540 | D:4      | Reached skill level 7 in Shapeshifting
  4673 | D:4      | Found Uqusi's Antique Armour Shoppe.
  4679 | D:4      | Learned a level 3 spell: Tukima's Dance
  4833 | D:5      | Reached skill level 1 in Hexes
  4833 | D:5      | Reached XP level 8. HP: 48/58 MP: 8/8
  4958 | D:6      | Reached skill level 2 in Hexes
  5034 | D:6      | Reached skill level 3 in Dodging
  5085 | D:6      | Reached skill level 3 in Hexes
  5129 | D:6      | Noticed kal9871's ghost (novice HOIE)
  5143 | D:6      | Found a runed translucent door.
  5421 | D:6      | Found a staircase to the Ecumenical Temple.
  5444 | Temple   | Entered the Ecumenical Temple
  5456 | Temple   | Became a worshipper of Yredelemnul the Dark
  5495 | D:6      | Reached skill level 4 in Dodging
  5495 | D:6      | Reached skill level 4 in Hexes
  5538 | D:6      | Reached skill level 5 in Fighting
  5898 | D:7      | Reached skill level 5 in Hexes
  5948 | D:7      | Reached * piety under Yredelemnul
  5984 | D:7      | Reached skill level 5 in Dodging
  6051 | D:7      | Found a runed translucent gate.
  6051 | D:7      | Noticed TheWayOfAllFlesh's ghost (novice DsGl)
  6053 | D:7      | Found a runed translucent gate.
  6053 | D:7      | Found a runed translucent gate.
  6062 | D:7      | Reached XP level 9. HP: 66/68 MP: 9/9
  6101 | D:7      | Killed TheWayOfAllFlesh's ghost
  6102 | D:7      | Reached skill level 6 in Fighting
  6102 | D:7      | Reached skill level 6 in Dodging
  6102 | D:7      | Reached skill level 7 in Hexes
  6468 | D:7      | Reached skill level 1 in Spellcasting
  6544 | D:7      | Reached ** piety under Yredelemnul
  6819 | D:7      | Noticed Joseph
  6842 | D:7      | Killed Joseph
  6843 | D:7      | Reached skill level 2 in Spellcasting
  6843 | D:7      | Reached skill level 8 in Hexes
  6913 | D:7      | Found a blossoming altar of Fedhas.
  7378 | D:8      | Reached XP level 10. HP: 59/77 MP: 13/13
  7454 | D:8      | Reached skill level 7 in Dodging
  7552 | D:8      | Reached skill level 7 in Fighting
  7764 | D:8      | Reached skill level 8 in Shapeshifting
  7841 | D:8      | Identified the ring "Piob" {rElec rPois rC- rN++ Dex+6}
  9042 | D:9      | Found a snail-covered altar of Cheibriados.
  9171 | D:9      | Found Liemile's Firing Range.
  9239 | D:9      | Reached skill level 8 in Dodging
  9357 | D:9      | Found a staircase to the Lair.
  9497 | D:9      | Reached skill level 8 in Fighting
  9499 | D:9      | Reached *** piety under Yredelemnul
  9500 | D:9      | Reached skill level 9 in Shapeshifting
  9578 | D:9      | Found a broken altar of Ashenzari.
  9662 | D:10     | Entered Level 10 of the Dungeon
  9963 | D:10     | Found a sacrificial altar of Ru.
 10017 | D:10     | Found Riaghes's Armour Emporium.
 10021 | D:10     | Noticed Urug
 10412 | D:10     | Found a staircase to the Orcish Mines.
 10434 | D:10     | Killed Urug
 10435 | D:10     | Reached skill level 9 in Dodging
 10570 | D:10     | Noticed an ogre mage
 10596 | D:10     | Paralysed by an ogre mage for 2 turns
 10599 | D:10     | Killed an ogre mage
 10600 | D:10     | Reached XP level 11. HP: 76/87 MP: 14/14
 10952 | D:10     | Found Okhluklo's Jewellery Emporium.
 11110 | Lair:1   | Entered Level 1 of the Lair of Beasts
 11188 | Lair:1   | Reached skill level 9 in Fighting
 11192 | Lair:1   | Reached skill level 10 in Shapeshifting
 11493 | Lair:1   | Reached skill level 10 in Dodging
 11655 | Lair:1   | Reached **** piety under Yredelemnul
 11664 | Lair:1   | Reached ***** piety under Yredelemnul
 11810 | Lair:1   | Reached skill level 10 in Fighting
 11829 | Lair:1   | Reached skill level 1 in Short Blades
 11833 | Lair:1   | Reached skill level 2 in Short Blades
 11855 | Lair:1   | Reached skill level 3 in Short Blades
 12263 | Lair:2   | Reached skill level 4 in Short Blades
 12331 | Lair:2   | Reached skill level 5 in Short Blades
 12393 | Lair:2   | Noticed a spriggan druid
 12453 | Lair:2   | Killed a spriggan druid
 12454 | Lair:2   | Reached skill level 6 in Short Blades
 12656 | Lair:2   | Noticed a spriggan druid
 12668 | Lair:2   | Killed a spriggan druid
 12673 | Lair:2   | Reached skill level 7 in Short Blades
 12677 | Lair:2   | Found a staircase to the Swamp.
 12681 | Lair:2   | Reached XP level 12. HP: 81/97 MP: 15/15
 12883 | Lair:2   | Noticed a seven-headed hydra
 12886 | Lair:2   | Reached skill level 8 in Short Blades
 12893 | Lair:2   | Killed a seven-headed hydra
 13037 | Lair:2   | Reached skill level 9 in Short Blades
 13112 | Lair:2   | Found a staircase to the Snake Pit.
 13213 | Lair:2   | Reached ****** piety under Yredelemnul
 13213 | Lair:2   | Reached skill level 10 in Short Blades
 13296 | Lair:2   | Reached skill level 1 in Shields
 13661 | Lair:3   | Reached skill level 6 in Stealth
 13686 | Lair:3   | Reached skill level 2 in Shields
 13687 | Lair:3   | Reached skill level 7 in Stealth
 13726 | Lair:3   | Reached skill level 3 in Shields
 13844 | Lair:3   | Noticed Nergalle
 13858 | Lair:3   | Reached skill level 8 in Stealth
 13873 | Lair:3   | Killed Nergalle
 13874 | Lair:3   | Reached skill level 4 in Shields
 14024 | Lair:3   | Noticed a catoblepas
 14065 | Lair:3   | Your ally Nergalle died
 14077 | Lair:3   | Killed a catoblepas
 14078 | Lair:3   | Reached skill level 5 in Shields
 14080 | Lair:3   | Noticed an eight-headed hydra
 14091 | Lair:3   | Killed an eight-headed hydra
 14092 | Lair:3   | Reached skill level 6 in Shields
 14616 | Lair:4   | Reached XP level 13. HP: 92/103 MP: 16/16
 14634 | Lair:4   | Reached skill level 7 in Shields
 14748 | Lair:4   | Found a staircase to the Slime Pits.
 14803 | Lair:4   | Reached skill level 8 in Shields
 15224 | Lair:5   | Entered Level 5 of the Lair of Beasts
 15313 | Lair:5   | Reached skill level 9 in Shields
 15376 | Lair:5   | Reached skill level 10 in Shields
 15381 | Lair:5   | Reached skill level 1 in Invocations
 15381 | Lair:5   | Reached skill level 1 in Evocations
 15498 | Lair:5   | Reached skill level 2 in Invocations
 15514 | Lair:5   | Reached skill level 2 in Evocations
 16305 | Lair:5   | Found a burning altar of Makhleb.
 16324 | Lair:5   | Reached skill level 3 in Invocations
 16324 | Lair:5   | Reached skill level 3 in Evocations
 16333 | Lair:5   | Reached XP level 14. HP: 94/111 MP: 17/17
 16537 | Lair:5   | Found a gateway to Hell.
 16957 | D:6      | Killed kal9871's ghost
 17166 | D:11     | Identified a scroll of acquirement
 17415 | D:11     | Found Xeulugg's Armour Boutique.
 17438 | D:11     | Found Doane's Assorted Antiques.
 17441 | D:11     | Bought a scroll labelled ZIEWYT AGAE for 26 gold pieces
 17459 | D:11     | Found a gate leading to a gauntlet.
 17469 | Gauntlet | Entered a Gauntlet
 17469 | Gauntlet | Found a transporter.
 17469 | Gauntlet | Found a transporter.
 17481 | Gauntlet | Found a transporter.
 17499 | Gauntlet | Found a transporter.
 17499 | Gauntlet | Found a transporter.
 17501 | Gauntlet | Found a transporter.
 17501 | Gauntlet | Found a transporter.
 17502 | Gauntlet | Found a transporter.
 17506 | Gauntlet | Noticed a quicksilver ooze
 17513 | Gauntlet | Found a transporter.
 17529 | Gauntlet | Found a transporter.
 17539 | Gauntlet | Found a transporter.
 17556 | Gauntlet | Found a transporter.
 17573 | Gauntlet | Found a transporter.
 17585 | Gauntlet | Found a transporter.
 17846 | Gauntlet | Identified the +2 cloak of Beahuk {Will+}
 17915 | Gauntlet | Identified the +2 helmet "Zyochofi" {*Slow rN+ Str+5 Dex+3}
 17925 | Gauntlet | Identified the +1 tower shield "Katyoje" {Harm rElec Dex-2}
 17935 | Gauntlet | Reached skill level 11 in Dodging
 17947 | Gauntlet | Got the Excursus on the Bewitching Traveller
 17968 | Gauntlet | Identified the +1 scale mail "Lefyng" {Dex+4}
 18575 | D:11     | Found Hitte's Distillery.
 18583 | D:11     | Bought a potion of heal wounds for 70 gold pieces
 18583 | D:11     | Bought a potion of invisibility for 112 gold pieces
 18583 | D:11     | Bought a potion of might for 56 gold pieces
 18583 | D:11     | Bought a potion of attraction for 42 gold pieces
 18583 | D:11     | Bought a potion of heal wounds for 70 gold pieces
 18583 | D:11     | Bought a potion of heal wounds for 70 gold pieces
 18583 | D:11     | Bought a potion of mutation for 112 gold pieces
 18583 | D:11     | Bought a potion of resistance for 140 gold pieces
 18583 | D:11     | Bought a potion of magic for 112 gold pieces
 18583 | D:11     | Bought a potion of invisibility for 112 gold pieces
 18583 | D:11     | Bought a potion of lignification for 42 gold pieces
 19010 | D:12     | Reached skill level 4 in Invocations
 19131 | D:12     | Reached skill level 4 in Evocations
 19581 | D:12     | Noticed Azrael
 19585 | D:12     | Killed Azrael
 19586 | D:12     | Reached skill level 11 in Fighting
 19586 | D:12     | Reached skill level 11 in Shapeshifting
 19610 | D:12     | Your ally Azrael died
 20018 | D:12     | Found a runed translucent gate.
 20019 | D:12     | Found a runed translucent gate.
 20020 | D:12     | Found a runed translucent gate.
 20031 | D:12     | Noticed kuniqs's ghost (journeyman HuCK)
 20033 | D:12     | Identified the +4 chain mail of Pepecza {rPois rN+ Int-2
                  | Dex+4}
 20258 | D:12     | Identified the +5 shortbow of Annoyance {speed, rElec}
 20317 | D:12     | Killed kuniqs's ghost
 20454 | Orc:1    | Entered Level 1 of the Orcish Mines
 20557 | Orc:1    | Found a runed translucent gate.
 20560 | Orc:1    | Found a runed translucent gate.
 20565 | Orc:1    | Noticed jotaen's ghost (journeyman MiFi)
 20567 | Orc:1    | Found a runed translucent gate.
 20895 | Orc:1    | Killed jotaen's ghost
 21021 | Orc:1    | Identified the staff of Miovvif {rF+ Str+4 Fire}
 21053 | Orc:2    | Entered Level 2 of the Orcish Mines
 21309 | Orc:2    | Found a radiant altar of Vehumet.
 21383 | Orc:2    | Reached skill level 5 in Invocations
 21575 | Orc:2    | Found a staircase to the Elven Halls.
 22020 | Orc:2    | Reached skill level 5 in Evocations
 22493 | Orc:2    | Reached XP level 15. HP: 119/119 MP: 13/19
 22578 | Orc:2    | Found Jeciwieff's Magic Scroll Shoppe.
 22578 | Orc:2    | Found Ycedepn's Magic Scroll Shoppe.
 22638 | Orc:2    | Found Loneal's Distillery.
 22638 | Orc:2    | Found Daonup's Antique Weapon Shop.
 22659 | Orc:2    | Bought a scroll of blinking for 112 gold pieces
 22659 | Orc:2    | Bought a scroll of blinking for 112 gold pieces
 22659 | Orc:2    | Bought a scroll of enchant armour for 112 gold pieces
 22671 | Orc:2    | Bought a scroll of identify for 36 gold pieces
 22671 | Orc:2    | Bought a scroll of identify for 36 gold pieces
 22671 | Orc:2    | Bought 2 scrolls of teleportation for 108 gold pieces
 22671 | Orc:2    | Bought a scroll of enchant armour for 135 gold pieces
 22671 | Orc:2    | Bought a scroll of fear for 72 gold pieces
 22671 | Orc:2    | Bought a scroll of fear for 72 gold pieces
 22954 | Orc:2    | Bought a scroll of fog for 60 gold pieces
 22956 | Orc:2    | Bought 2 potions of enlightenment for 140 gold pieces
 22956 | Orc:2    | Bought a potion of might for 56 gold pieces
 22956 | Orc:2    | Acquired the +0 pair of gloves of Lidustam {rF+}
 23062 | D:11     | Learned a level 3 spell: Ozocubu's Armour
 23144 | D:13     | Reached skill level 12 in Dodging
 23171 | D:13     | Found Mafocin's Jewellery Shoppe.
 23276 | D:13     | Found Soaqom's General Store.
 23409 | D:13     | Identified the +4 spear of Conscience {drain, Int+4}
 23822 | D:13     | Found Weeseu Ulaol's General Store.
 24030 | D:13     | Found Tofruara's Antique Armour Emporium.
 24148 | D:14     | Noticed Kirke
 24152 | D:14     | Killed Kirke
 24252 | D:14     | Found a radiant altar of Vehumet.
 24281 | D:14     | Found Zaomm's Magic Scroll Boutique.
 24462 | D:14     | Reached skill level 11 in Shields
 24462 | D:14     | Reached skill level 6 in Invocations
 24553 | D:14     | Reached skill level 6 in Evocations
 24622 | D:14     | Found a gate to the Vaults.
 24708 | D:14     | Reached skill level 12 in Shapeshifting
 25161 | D:15     | Entered Level 15 of the Dungeon
 25727 | D:15     | Reached skill level 12 in Fighting
 26168 | D:15     | Reached skill level 7 in Invocations
 26419 | D:15     | Reached skill level 13 in Dodging
 26475 | D:15     | Found a staircase to the Depths.
 26883 | Snake:1  | Entered Level 1 of the Snake Pit
 26885 | Snake:1  | Reached XP level 16. HP: 127/127 MP: 21/21
 27003 | Snake:1  | Identified the ring of Yendor {rN+ rCorr Str+6 Int+3}
 27427 | Snake:1  | You fall into a shaft and drop 1 floor!
 27573 | Snake:1  | Found Faergh's Jewellery Shoppe.
 27573 | Snake:1  | Found Wicos's Book Shop.
 27574 | Snake:1  | Found Wopewi's Book Shop.
 28172 | Snake:2  | Reached skill level 12 in Shields
 28477 | Snake:2  | Found Ukhlayruth's Distillery.
 28485 | Snake:2  | Found Cikaumeu's Book Boutique.
 28543 | Snake:2  | Reached skill level 8 in Invocations
 28543 | Snake:2  | Reached skill level 13 in Shapeshifting
 29332 | Snake:3  | Reached skill level 13 in Fighting
 30172 | Snake:4  | Entered Level 4 of the Snake Pit
 30172 | Snake:4  | Noticed Vashnia
 30251 | Snake:4  | Reached skill level 9 in Invocations
 30400 | Snake:4  | Reached XP level 17. HP: 44/137 MP: 23/23
 30781 | Snake:4  | Reached skill level 13 in Shields
 30824 | Snake:4  | Reached skill level 14 in Shapeshifting
 32041 | Snake:4  | Reached skill level 10 in Invocations
 32058 | Snake:4  | Reached skill level 14 in Fighting
 32148 | Snake:4  | Killed Vashnia
 32529 | Snake:4  | Got a serpentine rune of Zot
 32817 | Snake:4  | Reached skill level 15 in Shapeshifting
 32954 | Swamp:1  | Entered Level 1 of the Swamp
 33000 | Swamp:1  | Reached skill level 14 in Shields
 33275 | Swamp:1  | Identified the +0 chain mail "Yfitomomoch" {rElec Str-4
                  | Int+3}
 33435 | Swamp:1  | Identified the amulet "Dowu" {rElec Regen+}
 33856 | Snake:1  | Bought the amulet "Hissiuse" {rC+ Regen+ Dex+3} for 653
                  | gold pieces
 34006 | Swamp:2  | Reached XP level 18. HP: 146/146 MP: 25/25
 34159 | Swamp:2  | Found a transporter.
 34173 | Swamp:2  | Found a transporter.
 34198 | Swamp:2  | Identified the +0 cloak "Uklaem" {Dex+4 Slay+2}
 34447 | Swamp:2  | Found a runed translucent door.
 34452 | Swamp:2  | Noticed Bokhlyrgh's ghost (adept TrFi)
 34473 | Swamp:2  | Killed Bokhlyrgh's ghost
 34662 | Swamp:3  | Noticed Roxanne
 34780 | Swamp:3  | Noticed Jorgrun
 34797 | Swamp:3  | Killed Jorgrun
 34798 | Swamp:3  | Reached skill level 16 in Shapeshifting
 34868 | Swamp:3  | Identified the +8 plate armour of the Black Moon {+Blink}
 35237 | Swamp:3  | Your ally Jorgrun died
 35258 | Swamp:3  | Killed Roxanne
 35308 | Swamp:4  | Entered Level 4 of the Swamp
 35409 | Swamp:4  | Reached skill level 15 in Shields
 35430 | Swamp:4  | Reached skill level 6 in Unarmed Combat
 35468 | Swamp:4  | Learned a level 5 spell: Silence
 35474 | Swamp:4  | Learned a level 5 spell: Yara's Violent Unravelling
 35622 | Swamp:4  | Reached skill level 1 in Air Magic
 35634 | Swamp:4  | Reached skill level 7 in Unarmed Combat
 35711 | Swamp:4  | Reached skill level 2 in Air Magic
 35748 | Swamp:4  | Noticed the 27-headed Lernaean hydra
 35752 | Swamp:4  | Killed the 27-headed Lernaean hydra
 35782 | Swamp:4  | Got a decaying rune of Zot
 35792 | Swamp:4  | Reached skill level 9 in Hexes
 36267 | Elf:1    | Entered Level 1 of the Elven Halls
 36327 | Elf:1    | Reached skill level 8 in Unarmed Combat
 36460 | Elf:1    | Reached skill level 3 in Air Magic
 36533 | Elf:1    | Found a transporter.
 36650 | Elf:1    | Got the Tempter's Grimoire of Forbidden Fruit
 37054 | Elf:1    | Found a transporter.
 37150 | Elf:2    | Reached skill level 9 in Unarmed Combat
 37301 | Elf:2    | Reached XP level 19. HP: 154/154 MP: 26/26
 37307 | Elf:2    | Reached skill level 10 in Hexes
 37342 | Elf:2    | Reached skill level 4 in Air Magic
 37710 | Elf:2    | Found a runed translucent gate.
 37712 | Elf:2    | Found a runed translucent gate.
 37717 | Elf:2    | Found a runed translucent gate.
 37932 | Elf:3    | Entered Level 3 of the Elven Halls
 37998 | Elf:3    | Reached skill level 10 in Unarmed Combat
 38084 | Elf:3    | Reached skill level 15 in Fighting
 38142 | Elf:3    | Found a shimmering blue altar of Sif Muna.
 38293 | Elf:3    | Reached skill level 11 in Hexes
 39155 | Elf:3    | Reached skill level 11 in Unarmed Combat
 39209 | Elf:3    | Identified the ring "Caixairu" {rCorr Int+4}
 39210 | Elf:3    | Reached skill level 5 in Air Magic
 39212 | Elf:3    | Identified the +8 tower shield "Jeitusics" {^Contam Will+
                  | Str+7}
 39887 | Elf:3    | Identified the +0 plate armour of Teky {rElec rPois Will+}
 39895 | Elf:3    | Identified the +4 morningstar "Ox" {venom, rC+ Will+ rCorr
                  | Int+3}
 39902 | Elf:3    | Noticed a Tzitzimitl
 40399 | Vaults:1 | Entered Level 1 of the Vaults
 40413 | Vaults:1 | Reached skill level 12 in Hexes
 40522 | Vaults:1 | Reached skill level 12 in Unarmed Combat
 40684 | Vaults:1 | Identified the +7 plate armour of the Orb {rN++ Str-4
                  | Dex+6}
 40707 | Vaults:1 | Reached skill level 6 in Air Magic
 40831 | D:13     | Bought the ring "Poeter" {rC+ Int-2 Dex+3} for 511 gold
                  | pieces
 41399 | Vaults:1 | Reached XP level 20. HP: 136/163 MP: 27/27
 41769 | Vaults:2 | Found a gateway to a bazaar.
 41841 | Vaults:2 | Reached skill level 13 in Unarmed Combat
 41887 | Vaults:2 | Reached skill level 13 in Hexes
 41918 | Vaults:2 | Found a crumbling gateway.
 41926 | Desolati | Entered the Desolation of Salt
 42106 | Desolati | Identified the amulet of Nenyonas {rN++ Regen+}
 42480 | Desolati | Identified the ring "Xasephuhe" {+Blink rPois AC+4}
 42607 | Desolati | Identified the +1 sling "Koituock" {heavy, rF+ Stlth+}
 42609 | Desolati | Got Sif Muna's Atlas of Adjuration and the Catacomb
 42629 | Desolati | Reached skill level 14 in Unarmed Combat
 42650 | Desolati | Reached skill level 16 in Fighting
 42829 | Desolati | Reached skill level 14 in Hexes
 43248 | Vaults:2 | Noticed Sojobo
 43285 | Vaults:2 | Killed Sojobo
 43344 | Vaults:2 | Your ally Sojobo died
 43631 | Vaults:2 | Identified the ring of Jasai {Str+3 Slay+2 SInv}
 43961 | Bazaar   | Entered a bazaar
 43967 | Bazaar   | Found Aguo's Jewellery Shop.
 43967 | Bazaar   | Found Xibala's Magic Scroll Boutique.
 43977 | Bazaar   | Bought a scroll of teleportation for 27 gold pieces
 44054 | Vaults:3 | Reached skill level 16 in Shields
 44070 | Vaults:3 | Reached skill level 7 in Evocations
 44125 | Vaults:3 | Found a staircase to the Crypt.
 44176 | Vaults:3 | Reached XP level 21. HP: 172/172 MP: 28/28
 44284 | Vaults:3 | Reached skill level 15 in Unarmed Combat
 44393 | Vaults:3 | Identified the +0 scale mail "Aqutt" {Stlth+}
 45031 | Vaults:3 | Reached skill level 8 in Evocations
 45791 | Vaults:4 | Noticed Margery
 45803 | Vaults:4 | Killed Margery
 45902 | Vaults:4 | Reached skill level 17 in Fighting
 46424 | Depths:1 | Entered Level 1 of the Depths
 46679 | Depths:1 | Reached skill level 9 in Evocations
 46686 | Depths:1 | Reached skill level 16 in Unarmed Combat
 46898 | Depths:1 | Identified the +2 hat "Xoaziusm" {rN+}
 47131 | Depths:1 | Found a snail-covered altar of Cheibriados.
 47270 | Depths:1 | Identified the +1 flail of Bebitixoux {spect, Int+3}
 47369 | Depths:1 | Reached skill level 17 in Shields
 47549 | Depths:1 | Found an ornate altar of the Wu Jian Council.
 47963 | Depths:2 | Found a one-way gate leading to the halls of Pandemonium.
 48080 | Depths:2 | Reached XP level 22. HP: 182/182 MP: 29/29
 48211 | Depths:2 | Identified the ring of Fallacy {rN+ Str-2 Int+4}
 48215 | Depths:2 | Identified the +1 rapier of the Intense God {flame, rC-
                  | rCorr Int-2 SInv}
 48217 | Depths:2 | Got the Annotations on the Destructive Iceberg
 48778 | Depths:3 | Reached skill level 10 in Evocations
 49006 | Depths:3 | Noticed a juggernaut
 49213 | Depths:2 | Killed a juggernaut
 49214 | Depths:2 | Reached skill level 17 in Unarmed Combat
 49222 | Depths:3 | Found a one-way gate to the infinite horrors of the Abyss.
 49574 | Depths:3 | Reached skill level 18 in Fighting
 49666 | Depths:3 | Found Janteass's Assorted Antiques.
 49697 | Depths:3 | Found Odwiajan's Book Boutique.
 49698 | Depths:3 | Found Xoptoefu's Antique Armour Boutique.
 49699 | Depths:3 | Found Cemeit Namom's Armour Boutique.
 49736 | Depths:3 | Found a one-way gateway to a ziggurat.
 49878 | Depths:3 | Found a runed translucent gate.
 49878 | Depths:3 | Found a runed translucent gate.
 49878 | Depths:3 | Found a runed translucent gate.
 49880 | Depths:3 | Found an ancient bone altar of Kikubaaqudgha.
 49880 | Depths:3 | Noticed a dread lich
 49880 | Depths:3 | Noticed a dread lich
 49881 | Depths:3 | Noticed Lapib's ghost (veteran MfIE)
 50023 | Depths:3 | Reached skill level 18 in Shields
 50647 | Depths:3 | Killed a dread lich
 50649 | Depths:3 | Killed a dread lich
 50650 | Depths:3 | Reached skill level 18 in Unarmed Combat
 50659 | Depths:3 | Killed Lapib's ghost
 50662 | Depths:3 | Identified the +7 chain mail of the Trilobite {rN+}
 50671 | Depths:3 | Identified the +2 pair of gloves of Dogmatism {+Blink MP+9
                  | Str+2}
 50674 | Depths:3 | Identified the ring "Acwekue" {Fly Int+4}
 50677 | Depths:3 | Identified the +9 quarterstaff of Cenejeuhome {venom, Str+3
                  | Int+3 Dex+5}
 50679 | Depths:3 | Got Jumi's Enchiridion on Momentum
 50743 | Depths:4 | Entered Level 4 of the Depths
 50761 | Depths:4 | Noticed a golden dragon
 50772 | Depths:4 | Killed a golden dragon
 50777 | Depths:4 | Noticed a caustic shrike
 50779 | Depths:4 | Noticed a caustic shrike
 50780 | Depths:4 | Noticed a caustic shrike
 50780 | Depths:4 | Noticed a caustic shrike
 50811 | Depths:4 | Reached XP level 23. HP: 192/192 MP: 30/30
 50872 | Depths:4 | Noticed a caustic shrike
 50873 | Depths:4 | Noticed a caustic shrike
 50873 | Depths:4 | Noticed a caustic shrike
 50874 | Depths:4 | Noticed a caustic shrike
 50875 | Depths:4 | Noticed a caustic shrike
 50883 | Depths:4 | Killed a caustic shrike
 50890 | Depths:4 | Killed a caustic shrike
 50896 | Depths:4 | Killed a caustic shrike
 50901 | Depths:4 | Killed a caustic shrike
 50904 | Depths:4 | Killed a caustic shrike
 51004 | Depths:4 | Killed a caustic shrike
 51010 | Depths:4 | Killed a caustic shrike
 51015 | Depths:4 | Killed a caustic shrike
 51017 | Depths:4 | Killed a caustic shrike
 51028 | Depths:4 | Identified the +0 chain mail "Cippegh" {rPois rC+}
 51142 | Depths:4 | Reached skill level 19 in Fighting
 51539 | Depths:4 | Found a gate to the Realm of Zot.
 51777 | Depths:4 | Noticed an ancient lich
 51785 | Depths:4 | Killed an ancient lich
 52078 | Crypt:1  | Entered Level 1 of the Crypt
 52105 | Crypt:1  | Reached skill level 19 in Unarmed Combat
 52285 | Crypt:1  | Reached skill level 19 in Shields
 53832 | Crypt:3  | Entered Level 3 of the Crypt
 54300 | Crypt:3  | Reached XP level 24. HP: 203/203 MP: 30/30
 54301 | Crypt:3  | Found a basalt altar of Yredelemnul.
 54389 | Crypt:3  | Found an ancient bone altar of Kikubaaqudgha.
 54402 | Crypt:3  | Got Kikubaaqudgha's Discursus on Shadows
 54549 | Crypt:3  | Reached skill level 20 in Unarmed Combat
 54631 | Crypt:3  | Reached skill level 20 in Fighting
 54808 | Crypt:3  | Found a staircase to the Tomb.
 55341 | Snake:2  | Bought a potion of berserk rage for 100 gold pieces
 55341 | Snake:2  | Bought a potion of invisibility for 160 gold pieces
 55341 | Snake:2  | Bought a potion of haste for 200 gold pieces
 55341 | Snake:2  | Bought a potion of heal wounds for 100 gold pieces
 55341 | Snake:2  | Bought a potion of might for 80 gold pieces
 55341 | Snake:2  | Bought a potion of mutation for 160 gold pieces
 55341 | Snake:2  | Bought a potion of mutation for 160 gold pieces
 55550 | Orc:2    | Bought a potion of ambrosia for 112 gold pieces
 55550 | Orc:2    | Bought a potion of invisibility for 112 gold pieces
 55550 | Orc:2    | Bought a potion of mutation for 112 gold pieces
 55550 | Orc:2    | Bought a potion of mutation for 112 gold pieces
 55550 | Orc:2    | Bought a potion of curing for 42 gold pieces
 55724 | D:13     | Bought a scroll of blinking for 120 gold pieces
 55783 | D:14     | Bought a scroll of fear for 68 gold pieces
 55783 | D:14     | Bought a scroll of revelation for 127 gold pieces
 55783 | D:14     | Bought 2 scrolls of immolation for 136 gold pieces
 55828 | D:13     | Bought a wand of light (4) for 218 gold pieces
 55828 | D:13     | Bought 2 potions of haste for 260 gold pieces
 55828 | D:13     | Bought a scroll of fog for 52 gold pieces
 55828 | D:13     | Bought a potion of magic for 104 gold pieces
 55910 | D:11     | Bought a box of beasts for 1040 gold pieces
 56142 | Vaults:5 | Entered Level 5 of the Vaults
 56163 | Vaults:5 | Noticed an ancient lich
 56169 | Vaults:5 | Killed an ancient lich
 56170 | Vaults:5 | Reached skill level 20 in Shields
 56220 | Vaults:5 | Identified the +5 trident "Vuesamn" {flame, *Corrode rPois
                  | rC+}
 56441 | Vaults:5 | Noticed a dread lich
 56454 | Vaults:5 | Killed a dread lich
 56815 | Vaults:5 | Identified the orb of Jukat {light, rPois Str-3 Stlth+ Ice}
 56815 | Vaults:5 | Noticed Frederick
 56830 | Vaults:5 | Killed Frederick
 56830 | Vaults:5 | Charmed Frederick
 57183 | Vaults:5 | Reached skill level 21 in Shields
 57288 | Vaults:5 | Got a silver rune of Zot
 57313 | Vaults:5 | Noticed an ancient lich
 57325 | Vaults:5 | Killed an ancient lich
 57344 | Vaults:5 | Noticed Mara
 57359 | Vaults:5 | Identified the +4 ring mail of Inference {+Blink rF+ rN+
                  | Regen+}
 57361 | Vaults:5 | Noticed EnegeticOcto's illusion
 57361 | Vaults:5 | Killed Mara
 57418 | Vaults:5 | Noticed Jory
 57421 | Vaults:5 | Killed Jory
 57494 | Vaults:5 | Noticed a dread lich
 57501 | Vaults:5 | Killed a dread lich
 57502 | Vaults:5 | Reached skill level 22 in Shields
 57630 | Vaults:5 | Identified the +11 hand axe "Iwoym" {heavy, rCorr Str+6
                  | Dex-4 SInv}
 57813 | Vaults:5 | Identified the +0 leather armour of Wariness {Int+2}
 57823 | Vaults:5 | Reached XP level 25. HP: 210/210 MP: 30/30
 58230 | Vaults:5 | Got the Enchiridion on Incendiary Attendants
 59411 | Zot:1    | Entered Level 1 of the Realm of Zot
 59537 | Zot:1    | Reached skill level 23 in Shields
 60709 | Zot:2    | Found a transporter.
 60710 | Zot:2    | Found a transporter.
 60816 | Zot:2    | Found a transporter.
 60818 | Zot:2    | Found a transporter.
 60924 | Zot:2    | Found a transporter.
 60925 | Zot:2    | Found a transporter.
 61513 | Zot:3    | Reached skill level 24 in Shields
 62886 | Zot:4    | Noticed Grunn
 62904 | Zot:4    | Killed Grunn
 62965 | Zot:4    | Reached skill level 25 in Shields
 62981 | Zot:4    | Noticed a Killer Klown
 62996 | Zot:4    | Killed a Killer Klown
 63612 | Zot:5    | Entered Level 5 of the Realm of Zot
 64160 | Zot:5    | Noticed an ancient lich
 64167 | Zot:5    | Killed an ancient lich
 64168 | Zot:5    | Reached XP level 26. HP: 218/218 MP: 26/30
 64450 | Zot:5    | Noticed an orb of fire
 64450 | Zot:5    | Gained mutation: You are clumsy. (Dex -2) [an orb of fire]
 64459 | Zot:5    | Killed an orb of fire
 64657 | Zot:5    | Noticed an orb of fire
 64665 | Zot:5    | Gained mutation: Armour fits poorly on your strangely
                  | shaped body. [an orb of fire]
 64672 | Zot:5    | Gained mutation: You occasionally lose the ability to drink
                  | potions when taking damage. [an orb of fire]
 64674 | Zot:5    | Killed an orb of fire
 64675 | Zot:5    | Reached skill level 26 in Shields
 64675 | Zot:5    | Lost mutation: You occasionally lose the ability to drink
                  | potions when taking damage. [potion of mutation]
 64675 | Zot:5    | Lost mutation: Armour fits poorly on your strangely shaped
                  | body. [potion of mutation]
 64675 | Zot:5    | Gained mutation: You are robust. (+10% HP) [potion of
                  | mutation]
 64675 | Zot:5    | Gained mutation: You are very clumsy. (Dex -4) [potion of
                  | mutation]
 64707 | Zot:5    | Noticed an orb of fire
 64714 | Zot:5    | Lost mutation: You are robust. (+10% HP) [an orb of fire]
 64720 | Zot:5    | Noticed a dread lich
 64721 | Zot:5    | Killed an orb of fire
 64726 | Zot:5    | Killed a dread lich
 64765 | Zot:5    | Noticed a dread lich
 64774 | Zot:5    | Killed a dread lich
 64880 | Zot:5    | Noticed an orb of fire
 64898 | Zot:5    | Noticed a dread lich
 64904 | Zot:5    | Gained mutation: You occasionally shout uncontrollably at
                  | your foes. [an orb of fire]
 64908 | Zot:5    | Killed an orb of fire
 64911 | Zot:5    | Killed a dread lich
 65039 | Zot:5    | Noticed an orb of fire
 65049 | Zot:5    | Killed an orb of fire
 65724 | Zot:5    | Noticed an ancient lich
 65730 | Zot:5    | Noticed a dread lich
 65733 | Zot:5    | Killed an ancient lich
 65734 | Zot:5    | Reached skill level 27 in Shields
 65740 | Zot:5    | Noticed an orb of fire
 65748 | Zot:5    | Gained mutation: You are vulnerable to heat. (rF-) [an orb
                  | of fire]
 65749 | Zot:5    | Gained mutation: You are weak. (Str -2) [an orb of fire]
 65751 | Zot:5    | Killed an orb of fire
 65756 | Zot:5    | Killed a dread lich
 65756 | Zot:5    | Noticed an ancient lich
 65773 | Zot:5    | Killed an ancient lich
 65992 | Zot:5    | Lost mutation: You are very clumsy. (Dex -4) [potion of
                  | mutation]
 65992 | Zot:5    | Lost mutation: You are weak. (Str -2) [potion of mutation]
 65992 | Zot:5    | Gained mutation: You are frail. (-10% HP) [potion of
                  | mutation]
 65993 | Zot:5    | Lost mutation: You are vulnerable to heat. (rF-) [potion of
                  | mutation]
 65993 | Zot:5    | Lost mutation: You occasionally shout uncontrollably at
                  | your foes. [potion of mutation]
 65993 | Zot:5    | Lost mutation: You are clumsy. (Dex -2) [potion of
                  | mutation]
 65993 | Zot:5    | Gained mutation: You are agile. (Dex +4, Str/Int -1)
                  | [potion of mutation]
 66110 | Zot:5    | Got the Orb of Zot
 66265 | Depths:4 | Noticed a seraph
 66588 | D:4      | Noticed an ancient lich
 66588 | D:4      | Noticed Moni the pandemonium lord
 66588 | D:4      | Gained mutation: You are weak. (Str -2) [a cacodemon]
 66712 | D:$      | Escaped with the Orb!

Illustrated notes

Levels and vault maps discovered:
D:1:      dpeg_arrival_signposts, layout_basic, shapermc_ecumenical_altar_venn,
          grunt_decor_resistance
D:2:      layout_rooms, roderic_lattice_a
D:3:      layout_basic, nicolae_sif_muna_condensation, uniq_robin
D:4:      layout_cave_pools, serial_shops, nicolae_shop_statue_plus
D:5:      layout_basic
D:6:      layout_rooms, minmay_temple_entry_mini_moons,
          hellmonk_ghost_happy_afterlife, corexii_corridor_pit
D:7:      layout_loops_ring, zin_treasury, mainiacjoe_overflow_alcove_2,
          serial_bayou, serial_bayou_pond_d, serial_bayou_pond_b,
          serial_bayou_pond_a, serial_bayou_pond_b, serial_bayou_pond_a,
          serial_bayou_pond_b, ebering_ghost_rock_garden, uniq_joseph
D:8:      layout_gridville, nicolae_wand_duel
D:9:      layout_loops_corners, nicolae_overflow_hidden_temple,
          mainiacjoe_overflow_paths, lair_entry_dummy, nicolae_shop_firing_range
D:10:     layout_loops_cross, amcnicky_altar_gilded, orc_david_3, serial_shops,
          shop, minmay_three_doors, uniq_urug
D:11:     layout_basic, serial_shops, nicolae_shop_real_fake_doors, shop, shop,
          gauntlet_entry_generic
D:12:     layout_loops_corners, biasface_ghost_orc_armoury, uniq_azrael
D:13:     layout_loops_cross, serial_shops, nicolae_shop_peninsula,
          nicolae_shop_advertising_works [nicolae_subvault_shop_adworks], shop,
          nicolae_shop_rolling_square
D:14:     layout_basic, lightli_vaults_fourway_checkpoint, minmay_misc_feat_x,
          serial_shops, shop_scrolls, vehumet_statue, uniq_kirke
D:15:     gammafunk_enter_depths_forms, layout_basic, serial_corexii_hall,
          corexii_hall_statues_i, chequers_hall_statues_corner_a,
          small_chamber_with_monster
Temple:   nicolae_temple_superstar
Lair:1:   layout_hall_layers
Lair:2:   layout_regular_city, mainiacjoe_swamp_entry_angry_trees,
          minmay_snake_entry_six_corridors, cheibrodos_lair_reptile_den
Lair:3:   layout_roguey, minivault_23, uniq_nergalle
Lair:4:   layout_hall_layers, slime_entry_1, fungi_pond_lemuel,
          serial_bayou_lagoon_a
Lair:5:   evil_forest, layout_regular_city
Swamp:1:  cheibrodos_swamp_tower_of_moss, layout_falls_marsh,
          evilmike_swamp_ruin_rubble_1, infiniplex_staircase_pool_2
Swamp:2:  gammafunk_sealed_arena, layout_basic_swamp,
          ebering_ghost_reflecting_pool, evilmike_swamp_ruin_rubble_2
Swamp:3:  layout_basic_swamp, nicolae_swamp_bean_lake, uniq_jorgrun,
          uniq_roxanne
Swamp:4:  grunt_swamp_rune_castle, layout_basic_swamp, swamp_pool_1_2
Snake:1:  layout_misc_corridors, nrook_loot_triangle, minmay_shop_grove
Snake:2:  layout_grid_shapes, minmay_shop_star
Snake:3:  layout_onion_interference, st_stairs_2, serial_bayou_shore_b,
          lemuel_fruit_tree, serial_bayou_shore_b
Snake:4:  snake_hunt, layout_chambers, st_stairs_10, grunt_megastairs_5,
          serial_bayou_shore_a, uniq_vashnia
Orc:1:    layout_diamond_mine, gammafunk_ghost_split
Orc:2:    st_orc_elflike, layout_caves, basic_altar
Elf:1:    gammafunk_its_a_trap, layout_onion_city, pf_eden
Elf:2:    nicolae_elf_blades_splatter_lattice
          [nicolae_vaults_blade_armed_guards], layout_geoelf_octagon
Elf:3:    minmay_elf_hall_not_hex, layout_gridlike, basic_altar, minivault_14,
          nicolae_elf_archery_training
Vaults:1: nicolae_vaults_stairing_the_circle, vaults_room_pool,
          nicolae_vaults_trapezoid_lopsided_2, special_room_vaults
          [special_room_orc], nicolae_vaults_ellipses_ellipsis,
          ontoclasm_vaults_ring_small, hangedman_vaults_trim, v_misc_12,
          hangedman_vaults_restitches, hangedman_vaults_maws,
          nicolae_vaults_bisected_slash, vaults_dpeg_diagonal,
          vaults_dpeg_hooks, nicolae_vaults_gold_heap, layout_vaults_big_room
Vaults:2: portal_desolation_entry_nicolae_slug, hangedman_vaults_stagger,
          v_misc_28, hangedman_vaults_capsules,
          nicolae_vaults_diagonal_hallway_6, nicolae_vaults_sealed_display,
          nicolae_vaults_tetromino_T_1, nicolae_vaults_tetromino_L_1,
          layout_vaults_omnigrid, serial_shops, bzr_entry_water, uniq_sojobo
Vaults:3: hangedman_vaults_locks, minmay_crypt_entry_simple_box,
          nicolae_vaults_network_periphery, v_pattern_3,
          nicolae_vaults_sesquioval_fish, vaults_room_large_hall,
          ontoclasm_vaults_ring_square, grunt_vaults_hallway_long,
          ontoclasm_vaults_ring_small, nicolae_vaults_closet_pinwheel_5,
          nicolae_vaults_six-pack, layout_vaults_omnibox, serial_shops,
          bzr_firewalk
Vaults:4: hangedman_vaults_impose, v_misc_14, nicolae_vaults_little_squares_3,
          nicolae_vaults_off_center_swirl, vaults_dpeg_encased_lava,
          vaults_room_door_hall, ontoclasm_vaults_twist, vaults_mumra_lcd,
          nicolae_vaults_little_squares_3, nicolae_vaults_tetromino_Z_1,
          layout_vaults_omnicross, uniq_margery
Vaults:5: uniq_frederick, uniq_mara, uniq_jory
Crypt:1:  layout_chaotic_city, grunt_megastairs_3, grunt_crypt_arrival_webbed
Crypt:2:  layout_basic, lemuel_elevator
Crypt:3:  lightli_unholy_cathedral, layout_chaotic_city,
          nicolae_tomb_entry_grand_gallery, minmay_misc_feat_hallway,
          lemuel_hellish_altar
Depths:1: layout_gridville, grunt_hell_entry_demonic_statue,
          nicolae_wu_jian_immortal_techniques, corexii_leaking_fountain,
          chei_slow_surprise
Depths:2: minmay_shrinking_squares, layout_gridlike, pf_coc_iceberg,
          minmay_misc_feat_doors, rand_demon_pan_entry_8, lightli_minifort
Depths:3: nzn_winding_woodlands_cross [nzn_winding_woodlands_5x15_jagged,
          nzn_winding_woodlands_5x15_twine,
          nzn_winding_woodlands_5x15_concentric,
          nzn_winding_woodlands_5x15_crooked,
          nzn_winding_woodlands_15x15_five_gardens], layout_honeycomb,
          enter_ziggurat_a, abyss_entry, gammafunk_ghost_crypt,
          serial_sigils_hangedman_snap, grunt_hell_entry_dis_grunt,
          minmay_shop_grid_forest, onia_ninara_cookie
Depths:4: grunt_zot_entry_hairpin, layout_gridville, minmay_misc_feat_chi,
          hangedman_geh_valley, minmay_librarian
Zot:1:    layout_gridlike
Zot:2:    layout_twisted_circle,
          regret_index_zotdec_abyssal_contain_seething_sorcery,
          serial_nicolae_subway, nicolae_sub_station_stone,
          nicolae_sub_station_crystal, nicolae_sub_station_metal
Zot:3:    layout_cathedral_of_symmetry, regret_index_zotdec_gossamer_parallel
Zot:4:    layout_cathedral_of_symmetry, uniq_grunn
Zot:5:    layout_cellular_growth

Skill      XL: |  1  2  3  4  5  6  7  8  9 10 11 12 13 14 15 16 17 18 19 20 21 22 23 24 25 26 |
---------------+-------------------------------------------------------------------------------+-----
Stealth        | 2 3 5 8 |  8.0
Fighting       | 1 3 4 5 6 8 10 11 12 13 14 15 16 17 18 19 20 | 20.4
Unarmed Combat | 4 5 9 12 14 16 18 19 20 | 20.6
Shapeshifting  | 4 7 9 10 11 12 13 15 16 | 16.0
Hexes          | 1 5 8 9 12 14 | 14.0
Dodging        | 5 6 9 10 11 13 | 13.2
Spellcasting   | 2 |  2.0
Short Blades   | 7 10 | 10.0
Shields        | 6 10 11 12 14 15 16 17 18 19 22 25 27 | 27.0
Invocations    | 3 5 7 9 10 | 10.0
Evocations     | 3 5 6 7 9 10 | 10.0
Air Magic      | 3 6 |  6.0

Action                     |  1- 3 |  4- 6 |  7- 9 | 10-12 | 13-15 | 16-18 | 19-21 | 22-24 | 25-27 || total
---------------------------+-------+-------+-------+-------+-------+-------+-------+-------+-------++-------
  Melee: Unarmed           |    25 |     9 |   330 |   306 |       |   225 |  1457 |  1263 |   481 ||  4096
         Bite              |     2 |       |    49 |   128 |   434 |   335 |   278 |   235 |   109 ||  1570
         Dagger            |       |       |       |   379 |  2100 |  1376 |       |       |       ||  3855
         Maw               |       |       |       |   209 |  1059 |   680 |       |       |       ||  1948
         Punch             |       |       |       |     7 |       |       |       |       |       ||     7
   Fire: Sling             |    54 |   139 |    58 |       |       |       |       |       |       ||   251
  Throw: Stone             |    17 |       |       |       |       |       |       |       |       ||    17
         Boomerang         |     4 |       |       |       |       |       |       |       |       ||     4
         Dart              |       |     5 |     5 |       |     2 |       |       |       |       ||    12
   Cast: Tukima's Dance    |       |       |       |    16 |    31 |     5 |     8 |       |       ||    60
         Silence           |       |       |       |       |       |       |     9 |    13 |    10 ||    32
 Invoke: Recall Undead Har |       |       |       |     1 |     4 |    22 |       |     1 |     7 ||    35
         Dark Bargain      |       |       |       |     1 |       |     1 |       |       |       ||     2
         Bind Soul         |       |       |       |       |       |     2 |       |     1 |       ||     3
         Stop Recall       |       |       |       |       |       |     1 |       |       |       ||     1
Ability: Evoke Blink       |       |       |       |       |       |       |     2 |     1 |       ||     3
  Evoke: Wand              |       |       |       |     6 |     8 |     5 |     2 |     2 |       ||    23
         Lightning rod     |       |       |       |       |    16 |     7 |       |       |       ||    23
         Tin of tremorston |       |       |       |       |     2 |     2 |     3 |       |       ||     7
         Phial of floods   |       |       |       |       |       |     1 |     1 |       |       ||     2
    Use: Scroll            |       |     5 |     6 |     9 |    12 |     9 |     5 |     2 |     8 ||    56
         Potion            |       |     1 |     2 |       |     1 |     2 |     2 |     4 |    11 ||    23
   Stab: Distracted        |       |       |     4 |    14 |    28 |    33 |    37 |    33 |    24 ||   173
         Sleeping          |       |       |       |     6 |    28 |    18 |    20 |    12 |     2 ||    86
         Invisible         |       |       |       |     3 |     7 |     7 |       |       |       ||    17
         Petrified         |       |       |       |     1 |       |       |       |       |       ||     1
         Paralysed         |       |       |       |       |     2 |       |       |       |       ||     2
         Confused          |       |       |       |       |       |     3 |       |       |       ||     3
 Armour: Animal skin       |    22 |    35 |    32 |       |       |       |       |       |       ||    89
         Skin              |       |       |    99 |   205 |   308 |   503 |   948 |   536 |   238 ||  2837
  Dodge: Dodged            |    19 |    50 |   238 |   418 |   541 |   764 |  1198 |   580 |   148 ||  3956
  Block: Other             |       |       |       |    61 |       |       |       |       |       ||    61
         Reflection        |       |       |       |     1 |    46 |   120 |       |       |       ||   167
         Kite shield       |       |       |       |   130 |  1219 |  1232 |   335 |       |       ||  2916
         Tower shield      |       |       |       |       |       |       |  2481 |  2174 |   653 ||  5308
   Form: Flux              |       |       |     1 |       |       |       |       |       |       ||     1
         Maw               |       |       |       |     1 |       |       |       |       |       ||     1
         Statue            |       |       |       |       |       |     1 |       |       |       ||     1

Table legend: (Time is in decaauts)
 A = Elapsed time spent in this place.
 B = Non-inter-level travel time spent in this place.
 C = Inter-level travel time spent in this place.
 D = Time resting spent in this place.
 E = Time spent auto-exploring this place.
 F = Levels seen in this place.
 G = Mean time per level.
                   A        B        C        D        E       F      G
               +--------+--------+--------+--------+--------+-----+--------+
         Total |  79841 |  70903 |   8938 |  11440 |  41641 |  54 | 1478.5 |
       Dungeon |  19827 |  16109 |   3718 |   2519 |   9571 |  15 | 1321.8 |
        Temple |     24 |     13 |     11 |      0 |      0 |   1 |   24.0 |
          Lair |   5923 |   5305 |    618 |    781 |   3392 |   5 | 1184.6 |
         Swamp |   3092 |   2891 |    201 |     26 |   1886 |   4 |  773.0 |
     Snake Pit |   5770 |   5278 |    492 |   1045 |   2866 |   4 | 1442.5 |
  Orcish Mines |   2618 |   2091 |    527 |    407 |   1136 |   2 | 1309.0 |
   Elven Halls |   5924 |   5634 |    290 |   1351 |   2835 |   3 | 1974.7 |
        Vaults |  11930 |  10779 |   1151 |    864 |   6811 |   5 | 2386.0 |
         Crypt |   4240 |   4015 |    225 |    101 |   2904 |   3 | 1413.3 |
        Depths |   8857 |   7743 |   1114 |    845 |   4999 |   4 | 2214.2 |
           Zot |   9527 |   8939 |    588 |   3073 |   4590 |   5 | 1905.4 |
        Bazaar |     35 |     35 |      0 |      0 |     19 |   1 |   35.0 |
    Desolation |   1596 |   1596 |      0 |    393 |    504 |   1 | 1596.0 |
      Gauntlet |    470 |    470 |      0 |     32 |    122 |   1 |  470.0 |
               +--------+--------+--------+--------+--------+-----+--------+

Top non-repeatable levels by time:
Vaults:5: 4268 daAuts
   Zot:5: 3571 daAuts
   Elf:3: 3056 daAuts
Depths:3: 2756 daAuts
 Snake:4: 2389 daAuts
Depths:1: 2227 daAuts
Vaults:3: 2165 daAuts
Depths:4: 2116 daAuts
Vaults:1: 2041 daAuts
     D:5: 1968 daAuts
   Zot:3: 1947 daAuts
    D:10: 1838 daAuts
Vaults:2: 1824 daAuts
  Lair:2: 1781 daAuts
Depths:2: 1758 daAuts

Table legend:
 A = Kills in this place as a percentage of kills in the entire game.
 B = Kills by you in this place as a percentage of kills by you in the entire game.
 C = Kills by friends in this place as a percentage of kills by friends in the entire game.
 D = Other kills in this place as a percentage of other kills in the entire game.
 E = Experience gained in this place as a percentage of experience gained in the entire game.
 F = Experience gained in this place divided by the number of levels of this place that you have seen.
                   A       B       C       D       E      F
               +-------+-------+-------+-------+-------+----------------------
         Total | 100.0 | 100.0 | 100.0 | 100.0 | 100.0 | 26656.2
       Dungeon |  19.2 |  23.1 |   7.9 |   0.0 |   6.2 | 5978.9
          Lair |   8.2 |   5.5 |  16.2 |   0.0 |   3.8 | 11078.4
         Swamp |   6.0 |   5.1 |   8.5 |  21.4 |   5.5 | 19964.2
     Snake Pit |  10.0 |   7.6 |  17.1 |   7.1 |   8.2 | 29433.2
  Orcish Mines |   3.9 |   4.6 |   2.0 |   0.0 |   1.2 | 8287.0
   Elven Halls |   5.6 |   6.6 |   2.5 |  14.3 |   6.1 | 29108.3
        Vaults |  16.5 |  15.6 |  19.3 |   7.1 |  21.7 | 62460.8
         Crypt |   7.1 |   9.5 |   0.2 |   0.0 |   7.0 | 33484.7
        Depths |  11.2 |  10.9 |  12.3 |  14.3 |  18.2 | 65435.5
           Zot |   7.8 |   6.5 |  11.4 |  28.6 |  18.8 | 54251.4
    Desolation |   4.1 |   4.6 |   2.7 |   7.1 |   3.1 | 44929.0
      Gauntlet |   0.2 |   0.3 |   0.0 |   0.0 |   0.2 | 2187.0
               +-------+-------+-------+-------+-------+----------------------
